 Dungeon Crawl Stone Soup version 0.18-a0-844-g9229740 (webtiles) character file.

2549 root the Basher (level 9, -9/81 HPs)
             Began as a Minotaur Chaos Knight on Dec 19, 2015.
             Killed by the air
             ... invoked by Gastronok
              (33 damage)
             ... on level 8 of the Dungeon.
             The game lasted 00:23:19 (7072 turns).

root the Basher (Minotaur Chaos Knight)             Turns: 7072, Time: 00:23:19

Health: -9/81      AC: 10    Str: 14    XL:     9   Next: 30%
Magic:  8/8        EV: 19    Int:  9    God:    Xom [....*.]
Gold:   205        SH:  0    Dex: 14    Spells: 0 memorised, 8 levels left

rFire  + . .     SeeInvis .     a - +0 mace (chaos)
rCold  . . .     Gourm    .     m - +2 leather armour {rN+}
rNeg   + . .     Faith    .     (no shield)
rPois  .         Spirit   .     D - +2 hat
rElec  .         Dismiss  .     k - +0 cloak
rCorr  .         Reflect  .     (no gloves)
SustAt .         Harm     .     (no boots)
MR     .....     Rnd*Rage +     (no amulet)
Stlth  +.........               (no ring)
                                y - +3 ring of evasion

@: very slightly contaminated, hasted, very quick, not resistant to hostile
enchantments, very unstealthy
A: retaliatory headbutt, hooves 1, horns 2, molten scales 1, slimy green scales
1, berserk 1, deformed body, fire resistance 1, sense surroundings 1, weak 1
a: Renounce Religion


You were on level 8 of the Dungeon.
You worshipped Xom.
You were a beloved toy of Xom.
You were hungry.

You visited 1 branch of the dungeon, and saw 8 of its levels.

You collected 409 gold pieces.
You spent 204 gold pieces at shops.

Inventory:

Hand Weapons
 a - a +0 mace of chaos (weapon)
 K - the cursed +1 rapier of Reinforcement {elec, rElec Str-5 SInv, unknown}
   (You found it on level 7 of the Dungeon)

   Occasionally, upon striking a foe, it will discharge some electrical energy
   and cause terrible harm.
   It affects your strength (-5).
   It insulates you from electricity.
   It lets you see invisible.
   It has a curse placed upon it.
Missiles
 z - 8 curare-tipped needles
Armour
 k - a +0 cloak (worn)
 m - a +2 leather armour of positive energy (worn)
 D - a +2 hat (worn)
Jewellery
 y - a +3 ring of evasion (left hand)
 L - an uncursed ring of stealth {unknown}
Wands
 s - a wand of paralysis (1)
Scrolls
 b - a scroll of fog {unknown}
 e - 8 scrolls of identify {unknown}
 g - 3 scrolls of enchant weapon {unknown}
 j - 2 scrolls of noise {unknown}
 l - 3 scrolls of immolation {unknown}
 o - 3 scrolls of remove curse {unknown}
 q - a scroll of recharging {unknown}
 t - 4 scrolls of enchant armour {unknown}
 v - a scroll of teleportation {unknown}
 w - a scroll of vulnerability {unknown}
 x - a scroll of fear {unknown}
 E - 2 scrolls of magic mapping {unknown}
 G - a scroll of random uselessness {unknown}
 N - 2 scrolls of holy word {unknown}
Potions
 d - 4 potions of curing
 f - a potion of flight {unknown}
 i - 2 potions of haste {unknown}
 n - a potion of poison {unknown}
 p - a potion of ambrosia {unknown}
 A - 2 potions of cancellation {unknown}
 B - 2 potions of might
 C - 3 potions of heal wounds
 F - a potion of lignification {unknown}
Books
 u - a book of Maledictions

   Spells                             Type                      Level
   a - Corona                         Hexes                        1
   b - Ensorcelled Hibernation        Hexes/Ice                    2
   c - Confuse                        Hexes                        3
   d - Tukima's Dance                 Hexes                        3
   e - Dazzling Spray                 Conjuration/Hexes            3
 H - a book of Dreams

   Spells                             Type                      Level
   a - Ensorcelled Hibernation        Hexes/Ice                    2
   b - Phase Shift                    Translocation                5
   c - Shadow Creatures               Summoning                    5
   d - Silence                        Hexes/Air                    5
   e - Darkness                       Hexes                        6
   f - Mass Confusion                 Hexes                        6
Comestibles
 c - 7 bread rations
 h - a beef jerky
 r - 7 meat rations
 I - 5 fruits
 J - 3 chunks of flesh
 M - a royal jelly


   Skills:
 + Level 8.3 Fighting
 + Level 9.3 Maces & Flails
 + Level 5.7 Armour
 + Level 7.8 Dodging


You had 8 spell levels left.
You didn't know any spells.

Dungeon Overview and Level Annotations

Branches:
Dungeon (8/15)             Temple (0/1) D:6
   Lair: D:8-11

Altars:
Dithmenos
Elyvilon
Fedhas
Kikubaaqudgha
Xom
Yredelemnul

Shops:
D:5 !   D:6 !

Annotations:
D:8 Gastronok


Innate Abilities, Weirdness & Mutations

You reflexively headbutt those who attack you in melee.
You have a pair of horns on your head.
You have large cloven feet.
You are partially covered in molten scales (AC +1).
You are partially covered in slimy green scales (AC +2).
You tend to lose your temper in combat.
Armour fits poorly on your strangely shaped body.
Your flesh is heat resistant.
You passively map a small area around you.
You are weak. (Str -2)


Message History

The phantom is severely damaged.
Your spear hits the phantom from afar!!
The phantom is destroyed!
Gastronok waves his eye-stalks in wide circles.
The air twists around and strikes you!
You sock the swamp drake!
The swamp drake is moderately wounded.
Xom's power flows through you!
Gastronok resists with some effort.
The swamp drake flies into a frenzy!
Your spear hits the swamp drake from afar.
The swamp drake bites you!
* * * LOW HITPOINT WARNING * * *
The swamp drake refuses to make way for you. (Use ctrl+direction to attack.)
The swamp drake refuses to make way for you. (Use ctrl+direction to attack.) Xom momentarily opens a gate.
Your spear barely misses the swamp drake.
The swamp drake bites your ice devil!
Gastronok waves his eye-stalks in wide circles.
The air twists around and strikes you!
You die...

..#
**....#..,#..#######
..# * .....###... ..#
# ......####. ..##
#.,, .....## . ...##
#. , ...... *.#
.#...# #.#* #w). , **
, * .# #..###..##
##k# , , , ## #..#
#..# ##54# ,
######.####.####@(###
,, ,
.##...........55.55.#
...........#..555...#
, ,
###........#...#+#..#
, #
#........#...'_'..# #
###########..#'#..# #
#......## # #......#
# #....###


You could see Gastronok, a neutral swamp drake (insane), a friendly ice devil, 2
friendly iron imps, a friendly spear, a friendly quasit, a friendly crimson imp,
3 friendly white imps and a friendly ufetubus.

Vanquished Creatures
  Eustachio (D:4)
  Menkaure (D:4)
  Duvessa (D:5)
  A water moccasin (D:7)
  An orc warrior (D:7)
  A sky beast (D:7)
  2 centaurs
  3 ogres
  2 giant frogs
  Dowan (D:5)
  A scorpion (D:6)
  7 crimson imps
  A giant frog zombie (D:6)
  A centaur zombie (D:6)
  A quasit (D:5)
  A gnoll shaman (D:8)
  A centaur skeleton (D:7)
  3 hounds
  2 jellies
  2 giant frog skeletons (D:7)
  3 iguanas
  4 orc wizards (D:7)
  5 worker ants
  2 hound zombies
  A hound skeleton (D:5)
  Robin (D:3)
  5 gnolls (D:8)
  A worker ant zombie (D:7)
  11 adders
  A shadow imp (D:7)
  An ooze (D:2)
  3 worms
  6 giant geckos
  11 orcs
  5 ball pythons
  2 bats
  A giant cockroach (D:3)
  7 goblins
  5 hobgoblins
  8 jackals
  8 kobolds
  3 quokkas
  A giant cockroach (shapeshifter) (D:7)
  5 giant newts
  2 quokka skeletons
  4 rats
  A spectral orc (D:3)
141 creatures vanquished.

Vanquished Creatures (collateral kills)
  A phantom (D:8)
  A gnoll (D:8)
2 creatures vanquished.

Vanquished Creatures (others)
  A human (D:7)
1 creature vanquished.

Grand Total: 144 creatures vanquished

Notes
Turn   | Place    | Note
--------------------------------------------------------------
     0 | D:1      | root the Minotaur Chaos Knight began the quest for the Orb.
     0 | D:1      | Reached XP level 1. HP: 19/19 MP: 0/0
    34 | D:1      | XOM: potion effect (berserk rage)
   285 | D:1      | Reached skill level 4 in Maces & Flails
   288 | D:1      | Reached XP level 2. HP: 27/27 MP: 1/1
   383 | D:1      | XOM: colour smoke trail
   530 | D:2      | Reached XP level 3. HP: 28/33 MP: 2/2
  1117 | D:2      | XOM: cast spell 'Necromutation'
  1276 | D:2      | XOM: god gift: scimitar {god gift}
  1279 | D:2      | XOM: vitrification
  1433 | D:3      | Reached XP level 4. HP: 41/41 MP: 3/3
  1573 | D:3      | Found a shimmering altar of Xom.
  1659 | D:3      | Found a basalt altar of Yredelemnul.
  1773 | D:3      | Reached skill level 5 in Maces & Flails
  1859 | D:3      | Reached skill level 5 in Fighting
  1859 | D:3      | Reached XP level 5. HP: 46/48 MP: 4/4
  2059 | D:3      | XOM: give mutations
  2059 | D:3      | Gained mutation: Your flesh is heat resistant. [Xom's mischief]
  2059 | D:3      | Gained mutation: Armour fits poorly on your strangely shaped body. [Xom's mischief]
  2059 | D:3      | Gained mutation: You passively map a small area around you. [Xom's mischief]
  2214 | D:3      | Found a shadowy altar of Dithmenos.
  2256 | D:3      | Noticed Robin
  2270 | D:3      | XOM: smoke on damage
  2271 | D:3      | Killed Robin
  2271 | D:3      | XOM: smoke on damage
  2459 | D:3      | XOM: vitrification
  2633 | D:3      | XOM: swap monsters
  2655 | D:3      | XOM: give mutations
  2655 | D:3      | Gained mutation: You have a pair of large horns on your head. [Xom's grace]
  2655 | D:3      | Gained mutation: You have large cloven feet. [Xom's grace]
  2655 | D:3      | Gained mutation: You are partially covered in molten scales (AC +1). [Xom's grace]
  2750 | D:4      | XOM: noise
  2780 | D:4      | XOM: give mutation
  2780 | D:4      | Gained mutation: You tend to lose your temper in combat. [Xom's mischief]
  2930 | D:4      | Noticed Menkaure
  2932 | D:4      | XOM: silly message
  2938 | D:4      | Killed Menkaure
  2938 | D:4      | Reached XP level 6. HP: 25/57 MP: 5/5
  3014 | D:4      | Noticed Eustachio
  3133 | D:4      | Found a white marble altar of Elyvilon.
  3162 | D:4      | Paralysed by Eustachio for 4 turns
  3167 | D:4      | XOM: confuse monster(s)
  3178 | D:4      | Paralysed by Eustachio for 6 turns
  3183 | D:4      | XOM: cast spell 'Metabolic Englaciation'
  3190 | D:4      | Killed Eustachio
  3190 | D:4      | Reached skill level 6 in Fighting
  3190 | D:4      | Reached XP level 7. HP: 58/63 MP: 6/6
  3655 | D:4      | XOM: summons 5 hostile shadow creatures
  3968 | D:5      | Entered Level 5 of the Dungeon
  3985 | D:5      | XOM: colour smoke trail
  4047 | D:5      | XOM: give mutations
  4047 | D:5      | Lost mutation: You have a pair of large horns on your head. [Xom's mischief]
  4047 | D:5      | Gained mutation: You are frail (-10% HP). [Xom's mischief]
  4047 | D:5      | Gained mutation: You are weak. (Str -2) [Xom's mischief]
  4380 | D:5      | Reached skill level 5 in Dodging
  4382 | D:5      | Reached skill level 7 in Maces & Flails
  4509 | D:5      | XOM: medium Tloc miscast
  4734 | D:5      | Noticed Duvessa
  4736 | D:5      | Noticed Dowan
  4742 | D:5      | Killed Duvessa
  4742 | D:5      | Reached XP level 8. HP: 63/63 MP: 7/7
  4748 | D:5      | Killed Dowan
  4932 | D:5      | Found Oplane's Distillery.
  4937 | D:5      | Bought 2 potions of might for 96 gold pieces
  4937 | D:5      | Bought a potion of heal wounds for 60 gold pieces
  4937 | D:5      | Bought a potion of curing for 36 gold pieces
  5016 | D:5      | XOM: harmless Pois miscast
  5023 | D:5      | Bought a potion of degeneration for 12 gold pieces
  5086 | D:6      | Reached skill level 5 in Armour
  5119 | D:6      | Found Vaokics's Distillery.
  5120 | D:6      | XOM: 4-stop teleportation journey
  5141 | D:6      | XOM: blink monster(s)
  5157 | D:6      | XOM: god gift: potion of heal wounds
  5199 | D:6      | XOM: divination: detect creatures
  5358 | D:6      | Found a staircase to the Ecumenical Temple.
  5391 | D:6      | Reached skill level 8 in Maces & Flails
  5457 | D:6      | XOM: vitrification
  5636 | D:6      | XOM: vitrification
  5826 | D:7      | XOM: polymorph orc -> river rat
  5856 | D:7      | XOM: god gift: dagger {god gift}
  6020 | D:7      | XOM: 1-stop teleportation journey
  6067 | D:7      | Reached XP level 9. HP: 46/72 MP: 8/8
  6071 | D:7      | Gained mutation: You are partially covered in slimy green scales (AC +2). [mutagenic meat]
  6072 | D:7      | Lost mutation: You are frail (-10% HP). [mutagenic meat]
  6089 | D:7      | Found an ancient bone altar of Kikubaaqudgha.
  6113 | D:7      | XOM: potion effect (heal wounds)
  6627 | D:7      | Reached skill level 9 in Maces & Flails
  6702 | D:7      | XOM: vitrification
  6726 | D:7      | Got a twisted rapier
  6925 | D:8      | Noticed Gastronok
  6926 | D:8      | XOM: 3-stop teleportation journey
  6952 | D:8      | Found a blossoming altar of Fedhas.
  6953 | D:8      | XOM: vitrification
  7025 | D:8      | Found a shimmering altar of Xom.
  7044 | D:8      | XOM: potion effect (haste)
  7067 | D:8      | XOM: polymorph ogre -> swamp drake
  7070 | D:8      | XOM: cast spell 'Discord'
  7071 | D:8      | XOM: summons 9 friendly demons
  7072 | D:8      | Killed from afar by Gastronok

Vault maps used:
D:1:      wheals_arrival_linesprint, minmay_misc_feat_alley
D:2:      kennysheep_small_spiral
D:3:      yredelemnul_forgotten_temple_becter, lemuel_crystal_altar,
          first_bread, led_xom_imps, uniq_robin
D:4:      nicolae_overflow_hidden_temple, uniq_eustachio, uniq_menkaure
D:5:      serial_shops, shop, uniq_duvessa
D:6:      minmay_temple_entry_statues, serial_shops, nicolae_shop_waterfront
D:7:      tgw_kikubaaqudgha
D:8:      kennysheep_mini_moat, gammafunk_temple_overflow_statue,
          lemuel_doored_altar, nicolae_tso_carved_into_rock, uniq_gastronok

Action                   |  1- 3 |  4- 6 |  7- 9 || total
-------------------------+-------+-------+-------++-------
Melee: Mace              |    50 |    81 |   300 ||   431
 Stab: Confused          |       |     1 |     3 ||     4
  Eat: Chunk             |     2 |     5 |    16 ||    23
       Pizza             |       |       |     1 ||     1
